 Dungeon Crawl Stone Soup version 0.30.0-29-ga12c61a403 (webtiles) character file.

Game seed: 14625868974472734090

345 qw the Chopper (level 6, 0/38 HPs)
             Began as a Gargoyle Fighter on June 4, 2023.
             Slain by an ogre
             ... wielding a +0 giant club
              (28 damage)
             ... on level 4 of the Dungeon.
             The game lasted 00:01:28 (2365 turns).

qw the Chopper (Gargoyle Fighter)                   Turns: 2365, Time: 00:01:29

Health: 0/38       AC: 16    Str: 21    XL:     6   Next: 58%
Magic:  6/6        EV:  7    Int:  9    God:
Gold:   190        SH:  4    Dex:  9    Spells: 5/5 levels left

rFire   . . .        Y - +1 war axe
rCold   . . .        c - +0 buckler
rNeg    + . .        m - +0 chain mail
rPois   inf          (no helmet)
rElec   +            (no cloak)
rCorr   .            n - +1 pair of gloves
SInv    .            g - +0 pair of boots
Will    .....        (no amulet) Stlth
                     (no ring)
HPRegen 0.26/turn    (no ring)
MPRegen 0.10/turn

%: no passive effects
@: no status effects
A: sickness immunity, AC +4, negative energy resistance 1, electricity
resistance, torment resistance 1, petrification resistance
a: no special abilities


You were on level 4 of the Dungeon.
You visited 1 branch of the dungeon, and saw 4 of its levels.

You collected 190 gold pieces.


Innate Abilities, Weirdness & Mutations

You are immune to sickness and miasma.
Your stone body is resilient. (AC +4)
You are immune to poison.
You resist negative energy. (rN+)
You are resistant to electric shocks. (rElec)
You are resistant to unholy torment.
You are immune to petrification.


   Skills:
 - Level 4.1 Fighting
 + Level 5.8 Axes
 - Level 3.2 Armour
 - Level 3.2 Shields


You had 5 spell levels left.
You didn't know any spells.
Your spell library was empty.

Inventory:

Hand Weapons
 l - a +0 morningstar
 Y - a +1 war axe (weapon)
Armour
 a - a +0 cloak
 c - a +0 buckler (worn)
 g - a +0 pair of boots (worn)
 m - a +0 chain mail (worn)
 n - a +1 pair of gloves (worn)
Scrolls
 e - a scroll of identify
 j - a scroll of teleportation
Potions
 d - 2 potions of might
 f - a potion of attraction
 h - a potion of heal wounds
 i - a potion of curing {unknown}
 k - a potion of mutation {unknown}
 p - a potion of lignification {unknown}

Dungeon Overview and Level Annotations

Branches:
Dungeon (4/15)
 Temple: D:4-7

Altars:
Kikubaaqudgha
Nemelex Xobeh
Uskayaw

Annotations:
D:4 2 runed translucent doors, qw's ghost, novice GrFi


Message History

Enter note: The adder hisses angrily.
You miss the adder. The adder completely misses you.
The adder bites you but does no damage.
You hit the adder.
The adder is lightly wounded.
The adder bites you but does no damage. The adder barely misses you.
A worm comes into view.
You hit the adder.
The adder is moderately wounded.
The adder bites you but does no damage. You block the adder's attack.
You slash the adder!
You kill the adder!
You hit the worm.
The worm is lightly wounded.
The worm bites you but does no damage.
You hit the worm.
The worm is lightly wounded.
You hit the worm but do no damage.
The worm is lightly wounded.
The worm bites you but does no damage.
You slash the worm!
The worm is heavily wounded.
You block the worm's attack.
You slash the worm!
You kill the worm!
You now have 190 gold pieces (gained 4).
An ogre comes into view. It is wielding a +0 giant club.
The ogre shouts!
Enter note:
Enter note:
Enter note: You hit the ogre.
The ogre is lightly wounded.
The ogre hits you with a +0 giant club!
You hit the ogre.
The ogre is moderately wounded.
The ogre hits you with a +0 giant club!!
Ouch! That really hurt!
You die...

....... ....... .....
....# ....... ....
....#
.......#######..#
....#
.............#..##...#
.............#.......#
.............#.......#
....?.O@.....#..%....#
.....................#
.........###.###.....#
.........# #.# #.#...#
.........# #+###.#...#
.......... +_###.....#
.........# #+###.+...#
.........# #.######+
#.###........


You could see an ogre.

Vanquished Creatures
  A black bear (D:4)
  A scorpion (D:4)
  A hound (D:4)
  An orc wizard (D:3)
  An iguana (D:4)
  4 adders
  6 worms
  3 dart slugs
  4 orcs (D:3)
  4 endoplasms
  A giant cockroach (D:1)
  3 goblins (D:3)
  7 hobgoblins
  4 jackals (D:2)
  A quokka (D:1)
  7 ball pythons
  5 bats
  A frilled lizard (D:2)
  6 kobolds
  3 rats
64 creatures vanquished.

Vanquished Creatures (others)
  A human (D:3)
1 creature vanquished.

Grand Total: 65 creatures vanquished

Notes
Turn   | Place    | Note
-------+----------+-------------------------------------------
     0 | D:1      | qw the Gargoyle Fighter began the quest for the Orb.
     0 | D:1      | Reached XP level 1. HP: 14/14 MP: 1/1
     0 | D:1      | 0 ||| qw: Version: 0.2-a-107-g4668610
     0 | D:1      | 0 ||| qw: Game counter: 1257
     0 | D:1      | 0 ||| qw: Always use a shield: true
     0 | D:1      | 0 ||| qw: God list: Okawaru
     0 | D:1      | 0 ||| qw: Allow faded altars: false
     0 | D:1      | 0 ||| qw: Do Orc after D:15 true
     0 | D:1      | 0 ||| qw: Do second Lair branch before Depths: true
     0 | D:1      | 0 ||| qw: Lair rune preference: random
     0 | D:1      | 0 ||| qw: Plans: Normal, Zot:1-4, Slime:5, God:TSO, Crypt,
                  | Tomb, Abyss, Pan, Hells, Win
     0 | D:1      | 0 ||| PLANNING D:1-11
   101 | D:1      | Reached skill level 2 in Axes
   191 | D:1      | Reached XP level 2. HP: 19/19 MP: 2/2
   272 | D:1      | Found a faded altar of an unknown god.
   663 | D:1      | 663 ||| DROPPING +0 club.
   822 | D:1      | 822 ||| DROPPING ring of wizardry.
   843 | D:1      | 843 ||| READING scroll labelled ENLUUS TODUWIO.
   847 | D:1      | 847 ||| READING scroll labelled KIROLUDERGH.
   876 | D:1      | 876 ||| DRINKING 2 lumpy emerald potions.
   877 | D:1      | 877 ||| DROPPING potion of flight.
   919 | D:2      | Reached skill level 3 in Axes
   969 | D:2      | Reached XP level 3. HP: 23/23 MP: 3/3
   985 | D:2      | 985 ||| Stepping ~*~*~tactically~*~*~ (stealth).
  1146 | D:2      | 1146 ||| Stepping ~*~*~tactically~*~*~ (stealth).
  1150 | D:2      | 1150 ||| Stepping ~*~*~tactically~*~*~ (stealth).
  1151 | D:2      | 1151 ||| Stepping ~*~*~tactically~*~*~ (stealth).
  1366 | D:2      | 1366 ||| UPGRADING to +0 pair of boots.
  1371 | D:2      | 1371 ||| READING 2 scrolls labelled YSUULE FONEHI.
  1372 | D:2      | 1372 ||| READING 3 scrolls labelled QEOPTI HEUPU.
  1373 | D:2      | 1373 ||| DRINKING 2 purple potions.
  1374 | D:2      | 1374 ||| DROPPING potion of degeneration.
  1375 | D:2      | 1375 ||| DROPPING 2 scrolls of magic mapping.
  1400 | D:3      | 1400 ||| Stepping ~*~*~tactically~*~*~ (hiding).
  1404 | D:3      | 1404 ||| Stepping ~*~*~tactically~*~*~ (stealth).
  1428 | D:3      | Reached skill level 4 in Axes
  1428 | D:3      | Reached XP level 4. HP: 24/28 MP: 4/4
  1428 | D:3      | 1428 ||| Stepping ~*~*~tactically~*~*~ (stealth).
  1430 | D:3      | 1430 ||| Stepping ~*~*~tactically~*~*~ (stealth).
  1432 | D:3      | 1432 ||| Stepping ~*~*~tactically~*~*~ (stealth).
  1581 | D:3      | Found an ancient bone altar of Kikubaaqudgha.
  1582 | D:3      | Noticed a human
  1585 | D:3      | Killed a human
  1664 | D:3      | 1664 ||| Stepping ~*~*~tactically~*~*~ (stealth).
  1707 | D:3      | 1707 ||| DROPPING +0 mace.
  1740 | D:3      | 1740 ||| Stepping ~*~*~tactically~*~*~ (stealth).
  1839 | D:3      | 1839 ||| Stepping ~*~*~tactically~*~*~ (stealth).
  1841 | D:3      | 1841 ||| Stepping ~*~*~tactically~*~*~ (stealth).
  1874 | D:3      | Reached XP level 5. HP: 32/32 MP: 5/5
  1973 | D:3      | 1973 ||| UPGRADING to +0 chain mail.
  1983 | D:3      | 1983 ||| DROPPING +0 scale mail.
  1984 | D:3      | 1984 ||| UPGRADING to +1 pair of gloves.
  1989 | D:3      | 1989 ||| DROPPING ring of flight.
  1990 | D:3      | 1990 ||| READING scroll labelled HAOPLE KEDGHODA.
  1991 | D:3      | 1991 ||| READING 3 scrolls of identify.
  1991 | D:3      | 1991 ||| IDENTIFYING sedimented silvery potion
  1992 | D:3      | 1992 ||| READING 2 scrolls of identify.
  1992 | D:3      | 1992 ||| IDENTIFYING ruby potion
  2086 | D:4      | Noticed a black bear
  2090 | D:4      | Killed a black bear
  2091 | D:4      | Reached skill level 5 in Axes
  2091 | D:4      | Reached XP level 6. HP: 32/37 MP: 6/6
  2200 | D:4      | Found a runed translucent door.
  2201 | D:4      | Noticed qw's ghost (novice GrFi)
  2209 | D:4      | Found a hide-covered altar of Uskayaw.
  2217 | D:4      | Found a runed translucent door.
  2303 | D:4      | 2303 ||| Stepping ~*~*~tactically~*~*~ (stealth).
  2304 | D:4      | 2304 ||| Stepping ~*~*~tactically~*~*~ (stealth).
  2325 | D:4      | Found a sparkling altar of Nemelex Xobeh.
  2365 | D:4      | Slain by an ogre

Levels and vault maps discovered:
D:1:      wander_arrival_peaceful_grave, layout_basic, basic_ecumenical_altar,
          minmay_liquid_box, minmay_tetromino_s4
D:2:      layout_rooms, minmay_tree_intersection, serial_park_tiny_pond,
          minmay_misc_feat_more_columns
D:3:      layout_rooms, tgw_kikubaaqudgha
D:4:      layout_gridville, lemuel_doored_altar, overflow_temple_1_default,
          ebering_ghost_sewer_f, minmay_misc_feat_doors

Skill      XL: |  1  2  3  4  5  6 |
---------------+-------------------+-----
Axes           | 2 3 4 5 |  5.8
Fighting       | 4 |  4.1
Armour         | |  3.2
Shields        | |  3.2

Action                     |  1- 3 |  4- 6 || total
---------------------------+-------+-------++-------
  Melee: War axe           |    83 |    97 ||   180
    Use: Scroll            |     4 |     3 ||     7
         Potion            |     2 |       ||     2
 Armour: Scale mail        |    53 |    34 ||    87
         Chain mail        |       |    25 ||    25
  Dodge: Dodged            |    31 |    26 ||    57
  Block: Buckler           |    11 |    14 ||    25

Table legend:
 A = Non-vault XP
 B = Vault XP
 C = Vault XP percentage of total XP
 D = Non-vault monster count
 E = Vault monster count
 F = Vault count percentage of total count
                 A         B        C        D         E       F
            +---------+---------+-------+---------+---------+-------
      Total |     489 |       4 |   0.8 |      62 |       2 |   3.1
            +---------+---------+-------+---------+---------+-------
        D:1 |      24 |       4 |  14.3 |      15 |       2 |  11.8
        D:2 |      34 |       0 |   0.0 |      14 |       0 |   0.0
        D:3 |     103 |       0 |   0.0 |      21 |       0 |   0.0
        D:4 |     328 |       0 |   0.0 |      12 |       0 |   0.0
            +---------+---------+-------+---------+---------+-------
